AoeStats
← Kargardor

Arabia

510805594Analyzed
1v1 RM · 9h ago on Oct 2, 2026· 30m 49s· 2 players
Game mode
Random Map
Map size
Tiny (2 player)
Population
200
Speed
Normal
Resources
Standard
Victory
Conquest
Starting age
Dark Age
Ending age
Imperial Age
RankedLock teamsTeams togetherTeam positionsShared explorationLock speedFull tech treeHidden civsTurbo modeCheats
Victory
Defeat
🇺🇸 Bulgarians · United States
1158
+15
🇵🇪 Tatars · Peru
1128
-15
Joker-lml
6:31 Loom
10:11 Feudal Age
10:46 Double-Bit Axe
17:25 Fletching
24:27 Gold Mining
Kargardor
8:20 Loom
10:46 Feudal Age
13:12 Forging
18:14 Padded Archer Armor
20:35 Town Watch
22:33 Double-Bit Axe
23:25 Horse Collar
24:45 Arson
30:42 Castle Age
Connection lost

Rejoining the realm…

Still unreachable

The connection could not be restored.

Session expired

The server has moved on; the page needs a fresh start.